 Dungeon Crawl Stone Soup version 0.19-a0-712-g899c6ed (webtiles) character file.

119 TheGoonsmith the Twirler (level 5, 0/26 HPs)
             Began as a Vine Stalker Gladiator on June 20, 2016.
             Succumbed to Guenter's ghost's poison
             ... on level 2 of the Dungeon.
             The game lasted 00:01:43 (1186 turns).

TheGoonsmith the Twirler (Vine Stalker Gladiator)   Turns: 1186, Time: 00:01:44

Health: 0/26       AC:  5    Str: 18    XL:     5   Next: 3%
Magic:  1/6        EV: 12    Int:  8    God:
Gold:   88         SH:  0    Dex: 15    Spells: 0 memorised, 4 levels left

rFire  . . .     SeeInvis .     a - +0 quarterstaff
rCold  . . .     Gourm    .     b - +0 leather armour
rNeg   . . .     Faith    .     (shield currently unavailable)
rPois  .         Spirit   +     c - +0 helmet
rElec  .         Dismiss  .     (no cloak)
rCorr  .         Reflect  .     i - +0 pair of gloves
SustAt .         Harm     .     (no boots)
MR     .....                    (no amulet)
Stlth  +.........               (no ring)
                                (no ring)

@: lethally poisoned (0 -> -15), not resistant to hostile enchantments, very
unstealthy
A: fangs 2, regeneration 1, magic shield, antimagic bite, no device heal 3, rot
immunity
a: no special abilities


You were on level 2 of the Dungeon.
You were not hungry.

You visited 1 branch of the dungeon, and saw 3 of its levels.

You collected 88 gold pieces.

Inventory:

Hand Weapons
 a - a +0 quarterstaff (weapon)
Missiles
 d - 3 throwing nets (quivered)
Armour
 b - a +0 leather armour (worn)
 c - a +0 helmet (worn)
 i - a +0 pair of gloves (worn)
Jewellery
 n - an uncursed ring of magical power {unknown}
Scrolls
 e - a scroll of fear {unknown}
 h - a scroll of immolation {unknown}
 k - 3 scrolls of identify {unknown}
 m - a scroll of recharging {unknown}
Potions
 g - a potion of flight {unknown}
 l - a potion of ambrosia {unknown}
Comestibles
 f - a bread ration


   Skills:
 - Level 1.7 Fighting
 * Level 5.0 Staves
 - Level 1.7 Throwing
 - Level 2.4 Dodging


You had 4 spell levels left.
You didn't know any spells.

Dungeon Overview and Level Annotations

Branches:
Dungeon (3/15)

Altars:
Vehumet

Annotations:
D:3 Guenter's ghost, novice FoFi


Innate Abilities, Weirdness & Mutations

You have extremely sharp teeth.
Your natural rate of healing is unusually fast.
When hurt, damage is shared between your health and your magic reserves.
Your bite disrupts and absorbs the magic of your enemies.
Potions and wands cannot restore your health.
You are immune to rotting.


Message History

* * * LOW HITPOINT WARNING * * *
You feel sick. The bat hits you.
* * * LOW HITPOINT WARNING * * *
Guenter's ghost barely misses you.
* * * LOW HITPOINT WARNING * * *
You feel sick. The bat barely misses you.
* * * LOW HITPOINT WARNING * * *
You feel sick. The bat hits you but does no damage. x2
You see here a club.
* * * LOW HITPOINT WARNING * * *
You feel sick. The bat closely misses you. The bat barely misses you.
There is a stone staircase leading up here.
* * * LOW HITPOINT WARNING * * *
You feel sick. The bat hits you. x2
* * * LOW HITPOINT WARNING * * *
Guenter's ghost stares at you.
Guenter's ghost hits you but does no damage.
You are more poisoned.
You climb upwards.
You die...

#...................#......
#...)...............##.###.
#...........#####.#....###.
#...........#####.#.##.##..
#............†.........##..
#...........#####....####..
#...........#.....#.#......
#...........#.###.#.#......
#########.@................
#.....###.#.#.....#
#..................
#.....##..#.#####.#
#.....##..#.#####.#
#.................#
######....####.##.####.#
#.....).............##..
#...........#####.#.##..


There were no monsters in sight!

Vanquished Creatures
  An orc wizard (D:3)
  4 adders (D:2)
  A dart slug (D:2)
  2 giant geckos
  2 orcs (D:3)
  3 bats
  5 giant cockroaches
  4 goblins
  6 hobgoblins
  4 jackals (D:1)
  4 kobolds
  3 giant newts
  7 rats
46 creatures vanquished.

Notes
Turn   | Place    | Note
--------------------------------------------------------------
     0 | D:1      | TheGoonsmith the Vine Stalker Gladiator began the quest for the Orb.
     0 | D:1      | Reached XP level 1. HP: 11/11 MP: 2/2
    40 | D:1      | Reached skill level 3 in Staves
    83 | D:1      | Reached XP level 2. HP: 13/15 MP: 1/3
   665 | D:2      | Reached XP level 3. HP: 18/18 MP: 4/4
   693 | D:2      | Found a radiant altar of Vehumet.
   731 | D:2      | Reached skill level 4 in Staves
   897 | D:2      | Reached XP level 4. HP: 23/23 MP: 5/5
  1173 | D:3      | Reached skill level 5 in Staves
  1173 | D:3      | Reached XP level 5. HP: 26/26 MP: 4/6
  1174 | D:3      | Noticed Guenter's ghost (novice FoFi)
  1186 | D:2      | Succumbed to Guenter's ghost's poison

Vault maps used:
D:1:      dpeg_arrival_another_circle
D:2:      lemuel_round_altar
D:3:      lemuel_upstairs_altar, regret_index_temple_of_mockery,
          uniq_crazy_yiuf_cottage

Skill      XL: |  1  2  3  4 |
---------------+-------------+-----
Staves         | 3 4 5 |  5.0
Fighting       | |  1.7
Throwing       | |  1.7
Dodging        | |  2.4

Action                   |  1- 3 |  4- 6 || total
-------------------------+-------+-------++-------
Melee: Quarterstaff      |    88 |    38 ||   126
       Bite              |    23 |    10 ||    33
 Stab: Sleeping          |       |     1 ||     1
  Eat: Chunk             |       |     1 ||     1
Armor: Leather armour    |    18 |    19 ||    37
Dodge: Dodged            |    58 |    20 ||    78
